 Dungeon Crawl Stone Soup version 0.22.1-6-g1668fe2c40 (webtiles) character file.

7499 Gargoyl the Cleaver (level 10, -3/84 HPs)
             Began as a Centaur Abyssal Knight on Jan 27, 2019.
             Was an Elder of Lugonu.
             Slain by a seven-headed hydra (11 damage)
             ... on level 8 of the Dungeon.
             The game lasted 00:15:01 (9148 turns).

Gargoyl the Cleaver (Centaur Abyssal Knight)        Turns: 9148, Time: 00:15:01

Health: -3/84      AC: 12    Str: 21    XL:     10   Next: 95%
Magic:  15/15      EV: 11    Int: 11    God:    Lugonu [****..]
Gold:   408        SH:  0    Dex: 21    Spells: 9/9 levels left

rFire    . . .     SeeInvis .   a - +4 hand axe
rCold    . . .     Gourm    .   (no shield)
rNeg     . . .     Faith    .   B - +4 leather armour of Fuqo Tueqim {+Fly Dex+2}
rPois    .         Spirit   .   b - +0 helmet of Weightlessness {Dex+9}
rElec    .         Reflect  .   A - +0 cloak
rCorr    .         Harm     .   (no gloves)
MR       +....                  (no barding)
Stlth    +.........             v - amulet of the acrobat
HPRegen  0.24/turn              d - +4 ring of strength
MPRegen  0.14/turn              p - ring of protection from magic

@: very quick
A: large, hooves 3, deformed body, speed 2, tough skin 3
a: Depart the Abyss, Bend Space, Banish, Corrupt, Renounce Religion, Evoke
Flight


You were on level 8 of the Dungeon.
You worshipped Lugonu.
Lugonu was greatly pleased with you.
You were not hungry.

You visited 1 branch of the dungeon, and saw 8 of its levels.
You visited the Abyss 1 time.

You collected 408 gold pieces.

Inventory:

Hand Weapons
 a - a +4 hand axe (weapon)
 F - the +8 glaive of the Guard {elec, +Rage AC+5 SInv}
   (You found it on level 8 of the Dungeon)

   Occasionally, upon striking a foe, it will discharge some electrical energy
   and cause terrible harm.
   It affects your AC (+5).
   It lets you see invisible.
   It lets you go berserk.
 J - a +1 hand axe of flaming
Missiles
 l - 7 tomahawks (quivered)
Armour
 b - the +0 helmet of Weightlessness (worn) {Dex+9}
   (You took it off Robin on level 3 of the Dungeon)

   It affects your dexterity (+9).
 e - a +2 buckler of resistance
 A - a +0 cloak (worn)
 B - the +4 leather armour of Fuqo Tueqim (worn) {+Fly Dex+2}
   (You found it on level 7 of the Dungeon)

   It affects your dexterity (+2).
   It lets you fly.
Jewellery
 d - a +4 ring of strength (left hand)
 p - a ring of protection from magic (right hand)
 v - an amulet of the acrobat (around neck)
 w - an uncursed ring of protection from cold
 y - an uncursed ring of poison resistance {unknown}
 E - a +5 ring of strength
Wands
 j - a wand of iceblast (10)
 n - a wand of flame (42)
 s - a wand of polymorph (6)
 D - a wand of random effects (16)
 H - a wand of acid (6)
Scrolls
 h - 4 scrolls of teleportation
 i - 3 scrolls of magic mapping
 m - 4 scrolls of remove curse
 q - a scroll of fear
 z - 2 scrolls of identify
Potions
 f - 2 potions of might
 g - 2 potions of agility
 k - 4 potions of curing
 o - 2 potions of brilliance
 r - a potion of lignification {unknown}
 t - a potion of invisibility
 u - 2 potions of magic
 x - 2 potions of ambrosia
 C - a potion of degeneration {unknown}
 G - a potion of heal wounds {unknown}
Comestibles
 c - 17 rations
 I - 10 chunks of flesh


   Skills:
 + Level 6.4 Fighting
 + Level 8.1(8.7) Axes
 + Level 4.6(7.0) Polearms
 + Level 0.7 Throwing
 * Level 6.7 Armour
 + Level 3.1 Dodging
 + Level 2.5 Shields
 * Level 7.7 Invocations


You had 9 spell levels left.
You didn't know any spells.
Your spell library was empty.

Dungeon Overview and Level Annotations

Branches:
Dungeon (8/15)             Temple (0/1) D:7
   Lair: D:8-11

Altars:
Cheibriados
Fedhas
Kikubaaqudgha
Makhleb
Qazlal
Sif Muna
Uskayaw
Yredelemnul
Zin
The Shining One

Shops:
D:5 [


Innate Abilities, Weirdness & Mutations

You have hooves in place of feet.
Armour fits poorly on your strangely shaped body.
You cover ground very quickly.
You have extremely tough skin. (AC +3)


Message History

The six-headed hydra closely misses you.
The six-headed hydra bites you! x2
The six-headed hydra closely misses you.
You lop one of the six-headed hydra's heads off!
The five-headed hydra grows two more!
You slash the seven-headed hydra!
Your kick misses the seven-headed hydra.
The seven-headed hydra is moderately wounded.
The seven-headed hydra bites you but does no damage.
The seven-headed hydra bites you! x2
* * * LOW HITPOINT WARNING * * *
The seven-headed hydra bites you but does no damage.
The seven-headed hydra misses you. The seven-headed hydra bites you.
* * * LOW HITPOINT WARNING * * *
The seven-headed hydra bites you but does no damage.
You barely miss the seven-headed hydra. You kick the seven-headed hydra.
The seven-headed hydra is moderately wounded.
The seven-headed hydra bites you.
* * * LOW HITPOINT WARNING * * *
The seven-headed hydra bites you!
You die...

.#.......# ##.#
##### .........# #.#
#..#
.........####.###.##
.#.......#........#
.........#.......##
...#######.......#
....# #.......#
....# #..##########
....# #..#.KD@....#
.^.## #..#).#.....#
....# ##.#+###'''##
....# #.#.≈P.....#
....# #.#P≈≈.....#
...## #.#≈≈P..P..#
..## #.#P≈......#
### #.#PP≈.≈.≈.#
#.#####.####


You could see a seven-headed hydra and a big kobold.

Vanquished Creatures
  Gastronok (D:8)
  Harold (D:8)
  Erica (D:8)
  Prince Ribbit (D:6)
  Grinder (D:4)
  2 dream sheep (D:8)
  A hippogriff (D:8)
  Sigmund (D:2)
  2 yaks (D:8)
  A hungry ghost (D:3)
  Menkaure (D:3)
  Duvessa (D:7)
  2 sky beasts
  2 ice beasts
  An ogre (D:7)
  3 big kobolds (D:8)
  A crocodile (D:5)
  8 bullfrogs
  Dowan (D:7)
  A scorpion (D:7)
  A wyvern skeleton (D:6)
  9 killer bees
  2 howler monkeys
  4 crimson imps
  A centaur zombie (D:3)
  A hound (D:4)
  A jelly (D:5)
  An orc priest (D:7)
  3 centaur skeletons
  3 iron imps (D:8)
  2 iguanas
  4 orc wizards
  5 worker ants
  A killer bee zombie (D:6)
  Robin (D:3)
  11 adders
  A shadow imp (D:5)
  2 adder zombies (D:5)
  3 worms
  2 dart slugs (D:3)
  5 leopard geckos
  12 orcs
  5 giant cockroaches
  18 goblins
  8 hobgoblins
  9 jackals
  15 kobolds
  6 quokkas
  A ball python (D:1)
  8 bats
  4 frilled lizards
  2 jackal skeletons
  A leopard gecko zombie (D:6)
  A quokka skeleton (D:5)
  A quokka zombie (D:5)
  3 rats
190 creatures vanquished.

Notes
Turn   | Place    | Note
-------+----------+-------------------------------------------
     0 | Abyss:1  | Gargoyl the Centaur Abyssal Knight began the quest for the
                  | Orb.
     0 | Abyss:1  | Reached XP level 1. HP: 19/19 MP: 2/2
    83 | Abyss:2  | Noticed a wretched star
    84 | D:1      | Escaped the Abyss
   143 | D:1      | Reached * piety under Lugonu
   316 | D:1      | Reached XP level 2. HP: 23/26 MP: 3/3
   698 | D:2      | Reached skill level 2 in Axes
   711 | D:2      | Reached XP level 3. HP: 26/31 MP: 4/4
   941 | D:2      | Reached skill level 1 in Dodging
   962 | D:2      | HP: 1/31 [poisoned by an adder]
  1355 | D:2      | Reached ** piety under Lugonu
  1369 | D:2      | Reached XP level 4. HP: 36/38 MP: 5/5
  1494 | D:2      | Noticed Sigmund
  1501 | D:2      | Killed Sigmund
  1501 | D:2      | Reached XP level 5. HP: 44/46 MP: 5/7
  1636 | D:2      | Reached skill level 3 in Axes
  2033 | D:3      | Noticed Robin
  2047 | D:3      | Killed Robin
  2056 | D:3      | Reached XP level 6. HP: 36/52 MP: 8/8
  2063 | D:3      | Got a crude helmet
  2069 | D:3      | Identified the cursed +0 helmet of Weightlessness {Dex+9}
                  | (You took it off Robin on level 3 of the Dungeon)
  2208 | D:3      | Noticed an ice beast
  2212 | D:3      | Killed an ice beast
  2491 | D:3      | Found a transporter.
  2492 | D:3      | Found a transporter.
  2497 | D:3      | Noticed Menkaure
  2497 | D:3      | Found an ancient bone altar of Kikubaaqudgha.
  2497 | D:3      | Found a basalt altar of Yredelemnul.
  2499 | D:3      | Noticed a hungry ghost
  3020 | D:4      | Reached *** piety under Lugonu
  3186 | D:4      | Reached XP level 7. HP: 39/59 MP: 9/9
  3610 | D:4      | Noticed Grinder
  3616 | D:4      | Killed Grinder
  3616 | D:4      | Reached skill level 4 in Axes
  4019 | D:5      | Entered Level 5 of the Dungeon
  4089 | D:5      | Found Ynaaqap's Antique Armour Boutique.
  4121 | D:5      | Reached skill level 1 in Shields
  4341 | D:5      | Reached XP level 8. HP: 67/67 MP: 11/11
  5017 | D:6      | Found a blossoming altar of Fedhas.
  5021 | D:6      | Reached skill level 5 in Axes
  5101 | D:6      | Found a stormy altar of Qazlal.
  5197 | D:6      | Got an ancient chain mail
  5208 | D:6      | Identified the cursed +0 chain mail of Ablagete {+Blink
                  | Dex+3} (You found it on level 6 of the Dungeon)
  5258 | D:6      | Found a snail-covered altar of Cheibriados.
  5259 | D:6      | Found a deep blue altar of Sif Muna.
  5291 | D:6      | Noticed Prince Ribbit
  5299 | D:6      | Reached skill level 5 in Invocations
  5559 | D:6      | Killed Prince Ribbit
  5559 | D:6      | Reached skill level 5 in Armour
  5774 | D:6      | Found a hide-covered altar of Uskayaw.
  5883 | D:3      | Reached skill level 6 in Axes
  5924 | D:3      | Killed Menkaure
  5924 | D:3      | Reached XP level 9. HP: 45/73 MP: 13/13
  6238 | D:7      | Reached **** piety under Lugonu
  6395 | D:7      | Reached skill level 5 in Fighting
  6503 | D:7      | Found a glowing golden altar of the Shining One.
  6558 | D:7      | Got a heavily runed leather armour
  6570 | D:7      | Identified the +4 leather armour of Fuqo Tueqim {+Fly
                  | Dex+2} (You found it on level 7 of the Dungeon)
  6660 | D:7      | Noticed Duvessa
  6660 | D:7      | Noticed Dowan
  6675 | D:7      | Killed Duvessa
  6684 | D:7      | Killed Dowan
  7021 | D:7      | Found a staircase to the Ecumenical Temple.
  7605 | D:8      | Reached skill level 7 in Axes
  8105 | D:8      | Found the +8 glaive of the Guard {elec, +Rage AC+5 SInv}
  8190 | D:8      | Noticed Harold
  8200 | D:8      | Killed Harold
  8200 | D:8      | Reached XP level 10. HP: 55/83 MP: 13/15
  8359 | D:8      | Noticed Gastronok
  8369 | D:8      | Killed Gastronok
  8369 | D:8      | Reached skill level 8 in Axes
  8653 | D:8      | Found a glowing silver altar of Zin.
  8697 | D:8      | Found a burning altar of Makhleb.
  8849 | D:8      | Noticed Erica
  8855 | D:8      | Killed Erica
  9138 | D:8      | Noticed a three-headed hydra
  9148 | D:8      | Slain by a seven-headed hydra

Skill      XL: |  1  2  3  4  5  6  7  8  9 10 |
---------------+-------------------------------+-----
Axes           | 2 3 4 6 7 8 |  8.1
Armour         | 2 3 4 5 6 |  6.7
Dodging        | 1 2 3 |  3.1
Invocations    | 3 4 5 6 7 |  7.7
Fighting       | 4 5 6 |  6.4
Shields        | 1 2 |  2.5
Polearms       | 4 |  4.6
Throwing       | |  0.7

Action                   |  1- 3 |  4- 6 |  7- 9 | 10-12 || total
-------------------------+-------+-------+-------+-------++-------
Melee: Hand axe          |   113 |   106 |   281 |     5 ||   505
       Kick              |    21 |    32 |   120 |    23 ||   196
       Glaive            |       |       |     7 |    37 ||    44
Throw: Tomahawk          |       |       |     5 |       ||     5
Invok: Depart the Abyss  |     1 |       |       |       ||     1
  Use: Scroll            |     5 |     3 |    11 |       ||    19
       Potion            |     3 |     2 |     1 |       ||     6
  Eat: Chunk             |       |     3 |     6 |       ||     9
       Ration            |       |     1 |     3 |     1 ||     5
Armor: Leather armour    |    77 |     7 |    40 |    25 ||   149
       Ring mail         |       |    31 |    25 |       ||    56
       Chain mail        |       |       |    39 |       ||    39
Dodge: Dodged            |    57 |    39 |   118 |    31 ||   245
Block: Buckler           |    38 |    28 |    86 |       ||   152
